 Dungeon Crawl Stone Soup version 0.28-a0-1286-g6bde065e89 (webtiles) character file.

Game seed: 7115945664338117744

189 funkygono the Firebug (level 5, -3/38 HPs)
             Began as a Draconian Fire Elementalist on Dec 26, 2021.
             Killed from afar by Sigmund (5 damage)
             ... with a magic dart
             ... on level 4 of the Dungeon.
             The game lasted 00:02:41 (2072 turns).

funkygono the Firebug (Draconian Fire Elementalist) Turns: 2072, Time: 00:02:42

Health: -3/38      AC:  5    Str: 11    XL:     5   Next: 40%
Magic:  1/9        EV: 12    Int: 17    God:
Gold:   67         SH:  0    Dex: 11    Spells: 7/10 levels left

rFire   . . .      SeeInvis .   d - +0 dagger
rCold   . . .      Faith    .   (no shield)
rNeg    . . .      Spirit   .   (armour unavailable)
rPois   +          Reflect  .   (helmet restricted)
rElec   .          Harm     .   (no cloak)
rCorr   .          Rampage  .   (no gloves)
Will    .....                   (no boots)
Stlth   ++........              (no amulet)
HPRegen 0.12/turn               l - ring of poison resistance
MPRegen 0.11/turn               (no ring)

@: no status effects
A: AC +5, unfitting armour, cold-blooded
a: no special abilities


You were on level 4 of the Dungeon.
You visited 1 branch of the dungeon, and saw 3 of its levels.

You collected 67 gold pieces.

Inventory:

Hand Weapons
 d - a +0 dagger (weapon)
Missiles
 e - 48 stones
Jewellery
 l - a ring of poison resistance (left hand)
Wands
 n - a wand of paralysis (5)
Scrolls
 a - a scroll of immolation {unknown}
 b - a scroll of magic mapping {unknown}
 c - 2 scrolls of amnesia {unknown}
 f - a scroll of fog {unknown}
 j - a scroll of identify {unknown}
 k - a scroll of teleportation {unknown}
 m - a scroll of fear {unknown}
Potions
 g - a potion of brilliance {unknown}
 h - a potion of haste {unknown}
 i - a potion of resistance {unknown}


   Skills:
 + Level 0.1 Fighting
 + Level 1.1 Short Blades
 + Level 2.0 Dodging
 - Level 1.7 Stealth
 * Level 3.3 Spellcasting
 * Level 2.6 Conjurations
 * Level 4.2 Fire Magic


You had 7 spell levels left.
You knew the following spells:

 Your Spells              Type           Power      Damage    Failure   Level
a - Foxfire               Conj/Fire      56%        2x1d6     4%          1
b - Scorch                Fire           34%        2d7       4%          2

Your spell library contained the following spells:

 Spells                   Type           Power      Damage    Failure   Level
 Conjure Flame            Conj/Fire      14%        6-21      12%         3
 Beastly Appendage        Tmut           4%         N/A       17%         1
 Inner Flame              Hex/Fire       10%        N/A       22%         3
 Wereblood                Tmut           2%         N/A       26%         2
 Flame Wave               Conj/Fire      14%        2d5       38%         4
 Spider Form              Tmut/Pois      2%         N/A       45%         3


Dungeon Overview and Level Annotations

Branches:
Dungeon (2/15)

Altars:

Annotations:
D:4 Sigmund


Innate Abilities, Weirdness & Mutations

Your plain brown scales are hard. (AC +5)
You cannot fit into any form of body armour.
You are cold-blooded and may be slowed by cold attacks.


Message History

Menkaure is almost destroyed.
The foxfire hits Menkaure but does no damage.
Menkaure is almost destroyed.
Menkaure sighs, "Let me perform the rites..."
Menkaure calls on the powers of darkness!
The jelly convulses!
The endoplasm convulses!
Something is bathed in an unholy light!
Your body is wracked with pain!
Menkaure calls on the powers of darkness!
The endoplasm convulses!
The jelly convulses!
Something is bathed in an unholy light!
Your body is wracked with pain!
Casting: Foxfire (safe; 5% risk of failure)
Confirm with . or Enter, or press ? or * to list all spells.
You conjure some foxfire!
Menkaure's bandages flutter.
Casting: Foxfire (safe; 5% risk of failure)
Confirm with . or Enter, or press ? or * to list all spells.
You conjure some foxfire!
The foxfire hits the jelly.
You kill the jelly!
Menkaure gestures at you while chanting.
You barely resist.
You have reached level 4!
You feel stronger.
The foxfire hits Menkaure.
Menkaure is burned terribly!
You destroy Menkaure!
The foxfire hits the endoplasm.
You kill the endoplasm!
Your Short Blades skill increases to level 1!
Your Dodging skill increases to level 2!
Your Spellcasting skill increases to level 3!
Your Fire Magic skill increases to level 4!
You have reached level 5!
The foxfire hits something.
You start resting.
Something completely misses you.
You start resting.
Something hits you!
* * * LOW HITPOINT WARNING * * *
Okay, then.
A magic dart appears from out of thin air!
The magic dart hits you.
You die...

#. .# #.## .# #..##
##.###.#.
##...###........
..........#
#...#...## ##.##...#
#.##.>.# # ##@##...#
#. #.......#
#..###..##..###
##......{......#
.....#.......#.#
.##.##>.............#
#.........##...####
####.....#####.#
##..### .#


There were no monsters in sight!

Vanquished Creatures
  Menkaure (D:4)
  A jelly (D:4)
  An iguana (D:4)
  An adder (D:2)
  3 dart slugs
  An orc (D:2)
  An endoplasm (D:4)
  A giant cockroach (D:1)
  2 goblins (D:1)
  5 hobgoblins
  2 quokkas (D:1)
  4 ball pythons
  A bat (D:1)
  3 kobolds (D:1)
  2 rats (D:2)
29 creatures vanquished.

Vanquished Creatures (others)
  115 foxfires
115 creatures vanquished.

Grand Total: 144 creatures vanquished

Notes
Turn   | Place    | Note
-------+----------+-------------------------------------------
     0 | D:1      | funkygono the Draconian Fire Elementalist began the quest
                  | for the Orb.
     0 | D:1      | Reached XP level 1. HP: 14/14 MP: 3/3
   444 | D:1      | Reached XP level 2. HP: 20/20 MP: 0/5
   450 | D:1      | Learned a level 2 spell: Scorch
  1055 | D:1      | Found a faded altar of an unknown god.
  1158 | D:2      | Reached XP level 3. HP: 21/26 MP: 0/6
  1760 | D:2      | You fall into a shaft and drop 2 floors!
  2045 | D:4      | Noticed Menkaure
  2050 | D:4      | Noticed Sigmund
  2060 | D:4      | Reached XP level 4. HP: 11/33 MP: 0/8
  2060 | D:4      | Killed Menkaure
  2061 | D:4      | Reached skill level 1 in Short Blades
  2061 | D:4      | Reached skill level 4 in Fire Magic
  2061 | D:4      | Reached XP level 5. HP: 13/38 MP: 0/9
  2072 | D:4      | Killed from afar by Sigmund

Illustrated notes

Levels and vault maps discovered:
D:1:      erik_arrival_triangle_small, layout_rooms,
          hellmonk_ecumenical_altar_crossroads
D:2:      layout_loops_corners, st_stairs_12
D:4:      layout_loops_ring, tgw_kikubaaqudgha, uniq_pikel, uniq_menkaure,
          uniq_sigmund, uniq_ijyb

Skill      XL: |  1  2  3  4 |
---------------+-------------+-----
Conjurations   | 2 |  2.6
Short Blades   | 1 |  1.1
Dodging        | 2 |  2.0
Spellcasting   | 3 |  3.3
Fire Magic     | 4 |  4.2
Fighting       | |  0.1
Stealth        | |  1.7

Action                   |  1- 3 |  4- 6 || total
-------------------------+-------+-------++-------
Melee: Unarmed           |     3 |       ||     3
       Tailslap          |     3 |       ||     3
       Dagger            |    14 |       ||    14
 Cast: Foxfire           |    66 |       ||    66
Armor: Skin              |     4 |       ||     4
Dodge: Dodged            |    15 |     1 ||    16

Table legend: (Time is in decaauts)
 A = Elapsed time spent in this place.
 B = Non-inter-level travel time spent in this place.
 C = Inter-level travel time spent in this place.
 D = Time resting spent in this place.
 E = Time spent auto-exploring this place.
 F = Levels seen in this place.
 G = Mean time per level.
                   A        B        C        D        E       F      G
               +--------+--------+--------+--------+--------+-----+--------+
         Total |   2071 |   2038 |     33 |    155 |   1605 |   3 |  690.3 |
       Dungeon |   2071 |   2038 |     33 |    155 |   1605 |   3 |  690.3 |
               +--------+--------+--------+--------+--------+-----+--------+

Top non-repeatable levels by time:
     D:1: 1312 daAuts
     D:2: 447 daAuts
     D:4: 311 daAuts
